 Dungeon Crawl Stone Soup version 0.22-a0-866-geee5034 (webtiles) character file.

2181 MatthieuS the Grappler (level 9, -6/81 HPs)
             Began as a Naga Transmuter on July 27, 2018.
             Was a Follower of Cheibriados.
             Mangled by an ogre
             ... wielding a +0 giant club
              (13 damage)
             ... on level 7 of the Dungeon.
             The game lasted 00:39:52 (8736 turns).

MatthieuS the Grappler (Naga Transmuter)            Turns: 8736, Time: 00:39:52

Health: -6/81      AC:  7    Str: 19    XL:     9   Next: 33%
Magic:  10/13      EV:  9    Int: 23    God:    Cheibriados [*.....]
Gold:   419        SH:  0    Dex: 17    Spells: 7/14 levels left

rFire    . . .     SeeInvis +     - Unarmed
rCold    . . .     Gourm    .   (no shield)
rNeg     . . .     Faith    .   b - +0 robe
rPois    +         Spirit   .   (no helmet)
rElec    .         Reflect  .   (no cloak)
rCorr    +         Harm     .   (no gloves)
MR       +....     Rnd*Tele +   (no barding)
Stlth    ++++......             (no amulet)
HPRegen  0.23/turn              l - +3 ring of protection
MPRegen  0.13/turn              h - ring of resist corrosion

@: brilliant, lethally poisoned (-6 -> -8), confusing touch, appendage
(expiring), drained, very slow
A: large, horns 2, thin skeletal structure 1, see invisible, clever 1, deformed
body, poison resistance, slowness 2, slow metabolism 1, spit poison 1,
teleportitis 1, MP-powered wands, AC +3
a: Spit Poison, End Transformation, Bend Time, Renounce Religion


You were on level 7 of the Dungeon.
You worshipped Cheibriados.
Cheibriados was aware of your devotion.
You were not hungry.
You had grown temporary horns.
You visited 2 branches of the dungeon, and saw 8 of its levels.

You collected 419 gold pieces.

Inventory:

Missiles
 a - 34 arrows
Armour
 b - a +0 robe (worn)
 m - a scarf of spirit shield
   (You found it on level 7 of the Dungeon)
 q - a +0 helmet
   (You took it off Robin on level 3 of the Dungeon)
Jewellery
 h - a ring of resist corrosion (right hand)
   (You found it on level 6 of the Dungeon)
 l - a +3 ring of protection (left hand)
   (You found it on level 2 of the Dungeon)
Scrolls
 f - a scroll of acquirement {unknown}
 g - 2 scrolls of remove curse {@r2}
 i - 4 scrolls of identify {@r1}
 k - a scroll of magic mapping
 n - a scroll of vulnerability {unknown}
 o - a scroll of immolation {!r}
Potions
 j - 2 potions of flight
Comestibles
 e - 9 rations


   Skills:
 + Level 5.2(4.2) Fighting
 + Level 1.1(0.3) Armour
 - Level 1.5(0.7) Dodging
 + Level 7.8(6.8) Stealth
 * Level 8.1(7.1) Unarmed Combat
 - Level 3.0(2.1) Spellcasting
 + Level 0.1(0.0) Hexes
 - Level 5.0(4.1) Transmutations
 + Level 1.8(0.9) Invocations


You had 7 spell levels left.
You knew the following spells:

 Your Spells              Type           Power        Failure   Level  Hunger
a - Beastly Appendage     Tmut           #####.       1%          1    #......
b - Sticks to Snakes      Tmut           #####...     1%          2    ##.....
c - Confusing Touch       Hex            ###...       1%          1    #......
x - Spider Form           Tmut/Pois      ####......   1%          3    ###....

Your spell library contained the following spells:

 Spells                   Type           Power        Failure   Level  Hunger
 Apportation              Tloc           ###...       1%          1    #......
 Summon Small Mammal      Summ           ###.         1%          1    #......
 Animate Skeleton         Necr           N/A          1%          1    #......
 Blade Hands              Tmut           #####.....   8%          5    ######.
 Ice Form                 Ice/Tmut       ####....     6%          4    #####..


Dungeon Overview and Level Annotations

Branches:
Dungeon (7/15)             Temple (1/1) D:6

Altars:
Ashenzari
Cheibriados
Dithmenos
Elyvilon
Fedhas
Gozag
Hepliaklqana
Kikubaaqudgha
Makhleb
Okawaru
Qazlal
Sif Muna
Trog
Uskayaw
Vehumet
Wu Jian
Xom
Yredelemnul
Zin
The Shining One
Lugonu

Annotations:
D:7 exclusion: statue


Innate Abilities, Weirdness & Mutations

You cannot wear boots.
Your serpentine skin is tough. (AC +3)
You have supernaturally acute eyesight. (SInv)
Armour fits poorly on your strangely shaped body.
Your system is resistant to poisons. (rPois)
You cover ground very slowly.
You have a slow metabolism.
You can spit poison.
You have a pair of horns on your head.
You have a somewhat thin skeletal structure. (Dex +2, Stealth)
Your mind is acute. (Int +2)
You are occasionally teleported next to monsters.
You expend magic power (3 MP) to strengthen your wands.


Message History

You hit the crimson imp.
The scorpion stings the crimson imp.
The crimson imp closely misses you.
You grow a pair of large bovine horns.
The crimson imp closely misses you.
An orc comes into view. It is wielding a club.
The crimson imp hits you. The orc hits you with a club.
An ogre comes into view. It is wielding a giant club.
The ogre shouts!
You hit the crimson imp.
You hear a shout!
An orc comes into view.
The crimson imp blinks!
The orc hits you with a club.
You closely miss the orc. You headbutt the orc.
Unknown command.
You closely miss the orc.
You kill the orc!
Cheibriados appreciates the change of pace.
The scorpion seems less confused.
Things that are here:
a whip of venom; 8 poisoned needles; an orc corpse The orc hits you but does no damage.
The orc barely misses you.
You hit the orc.
You kill the orc!
Cheibriados appreciates the change of pace.
You punch the orc!
You kill the orc!
Cheibriados thoroughly appreciates the change of pace.
You closely miss the scorpion.
Your transformation is almost over.
The scorpion stings you!
Your hands begin to glow red.
The scorpion stings you.
The crimson imp blinks!
The scorpion stings you.
The crimson imp grins evilly.
You hit the ogre but do no damage. Your headbutt misses the ogre.
The scorpion stings you!
You are poisoned.
The scorpion poisons you! The ogre hits you with a giant club!!
* * * LOW HITPOINT WARNING * * *
You hit the ogre but do no damage.
You headbutt the ogre, but do no damage.
You feel sick. The scorpion stings you.
* * * LOW HITPOINT WARNING * * *
You hit the ogre but do no damage. The ogre hits you with a giant club.
* * * LOW HITPOINT WARNING * * *
The scorpion stings you!
* * * LOW HITPOINT WARNING * * *
Okay, then.
It was a potion of brilliance.
You feel clever all of a sudden.
You feel sick. The ogre hits you with a giant club!
You die...

...#.#########.#......
...#..................
#.....#....########..
#..(.....# ###..
##.....(..# #...# .
..O.......## #####..(#
.....o.>)....###.##.....
.....####............#..
......†@s5..............
........O...............
.###....................
.......................
###########...##.......
###...#......
####.#......##
#######..........###
#..........###......


You could see an ogre, a scorpion and a crimson imp.

Vanquished Creatures
  2 orc warriors (D:6)
  An ice beast (D:5)
  2 black bears (D:6)
  3 ogres
  A centaur (D:6)
  3 bullfrogs
  2 scorpions (D:6)
  6 wights (D:6)
  A howler monkey (D:2)
  3 crimson imps (D:5)
  2 hounds
  2 orc priests (D:7)
  5 orc wizards
  A bullfrog skeleton (D:6)
  An iguana (D:7)
  11 worker ants
  5 adders
  A shadow imp (D:7)
  2 oozes
  An adder zombie (D:6)
  2 adder skeletons
  3 worms
  A dart slug (D:1)
  4 leopard geckos
  19 orcs
  21 giant cockroaches
  9 goblins
  5 hobgoblins
  3 jackals (D:1)
  A quokka (D:2)
  2 ball pythons
  10 bats
  5 frilled lizards
  4 kobolds (D:3)
  8 rats
152 creatures vanquished.

Vanquished Creatures (collateral kills)
  A bullfrog (D:6)
  Robin (D:3)
  A leopard gecko (D:3)
  2 orcs (D:3)
  A giant cockroach (D:2)
  2 goblins (D:3)
  A bat (D:3)
9 creatures vanquished.

Grand Total: 161 creatures vanquished

Notes
Turn   | Place    | Note
-------+----------+-------------------------------------------
     0 | D:1      | MatthieuS the Naga Transmuter began the quest for the Orb.
     0 | D:1      | Reached XP level 1. HP: 18/18 MP: 3/3
    42 | D:1      | Upgraded the game from 0.22-a0-855-g415d086 to 0.22-a0-858-g985ef60
    68 | D:1      | Reached XP level 2. HP: 18/25 MP: 5/5
   263 | D:1      | Learned a level 2 spell: Sticks to Snakes
   666 | D:1      | Reached XP level 3. HP: 29/31 MP: 4/6
   817 | D:1      | Reached skill level 1 in Stealth
   981 | D:2      | Found a shattered altar of Ashenzari.
   997 | D:2      | Found an opulent altar of Gozag.
  1233 | D:2      | Reached XP level 4. HP: 16/38 MP: 4/7
  1567 | D:2      | Found a white marble altar of Elyvilon.
  1701 | D:3      | Learned a level 3 spell: Spider Form
  2257 | D:3      | Noticed Robin
  2276 | D:3      | Killed Robin
  2276 | D:3      | Reached skill level 4 in Unarmed Combat
  2355 | D:3      | Reached XP level 5. HP: 42/45 MP: 8/8
  2942 | D:4      | Noticed an ogre
  2961 | D:4      | Killed an ogre
  3241 | D:4      | Reached XP level 6. HP: 29/55 MP: 7/9
  3500 | D:4      | Found a stormy altar of Qazlal.
  3519 | D:4      | Got a smoking chain mail
  3522 | D:4      | Identified the +3 chain mail of the Aged Lovers {*Drain rPois rN+ Str+3 Int+3} (You found it on level 4 of the Dungeon)
  3830 | D:5      | Entered Level 5 of the Dungeon
  3931 | D:5      | Reached skill level 5 in Unarmed Combat
  3931 | D:5      | Reached XP level 7. HP: 62/62 MP: 2/10
  4610 | D:5      | Reached skill level 5 in Stealth
  5155 | D:6      | Found a staircase to the Ecumenical Temple.
  5186 | D:6      | Reached skill level 6 in Unarmed Combat
  5212 | Temple   | Entered the Ecumenical Temple
  5271 | Temple   | Became a worshipper of Cheibriados the Contemplative
  5381 | D:6      | Reached XP level 8. HP: 60/72 MP: 1/11
  5611 | D:6      | Gained mutation: You are agile. (Dex +2) [potion of mutation]
  5611 | D:6      | Gained mutation: You have a somewhat thin skeletal structure. (Dex +2, Stealth) [potion of mutation]
  5932 | D:6      | Reached skill level 5 in Transmutations
  6175 | D:6      | Reached skill level 7 in Unarmed Combat
  6371 | D:6      | Found a bloodstained altar of Trog.
  6589 | D:6      | Reached * piety under Cheibriados
  6994 | D:6      | Upgraded the game from 0.22-a0-858-g985ef60 to 0.22-a0-866-geee5034
  7015 | D:6      | Reached XP level 9. HP: 41/80 MP: 8/13
  7206 | D:6      | HP: 4/80 [wight/hand axe (1)]
  7757 | D:6      | Reached skill level 5 in Fighting
  7757 | D:6      | Reached skill level 1 in Invocations
  8097 | D:7      | Found an ornate altar of the Wu Jian Council.
  8157 | D:7      | Found a corrupted altar of Lugonu.
  8212 | D:7      | Reached skill level 8 in Unarmed Combat
  8286 | D:7      | Found a radiant altar of Vehumet.
  8550 | D:7      | Reached skill level 1 in Armour
  8584 | D:7      | Lost mutation: You are agile. (Dex +2) [potion of mutation]
  8584 | D:7      | Gained mutation: You expend magic power (3 MP) to strengthen your wands. [potion of mutation]
  8584 | D:7      | Gained mutation: You are occasionally teleported next to monsters. [potion of mutation]
  8584 | D:7      | Gained mutation: Your mind is acute. (Int +2) [potion of mutation]
  8607 | D:7      | Learned a level 1 spell: Confusing Touch
  8736 | D:7      | Mangled by an ogre

Vault maps used:
D:1:      dpeg_arrival_castle
D:2:      minmay_roachtagon, old_standard_altar, grunt_temple_overflow_open
D:3:      uniq_robin
D:4:      kennysheep_mini
D:5:      first_ration
D:6:      trog_ov_bears_minmay, minmay_temple_entry_glass,
          corexii_leaking_fountain, grunt_ministairs_6
D:7:      gammafunk_corrupted_shrine, old_standard_altar, vehumet_statue
Temple:   dshaligram_water_room_temple

Skill      XL: |  1  2  3  4  5  6  7  8  9 |
---------------+----------------------------+-----
Stealth        | 1 2 3 4 5 7 |  7.8
Transmutations | 3 4 5 |  5.0
Fighting       | 2 3 4 5 |  5.2
Unarmed Combat | 4 5 6 7 8 |  8.1
Spellcasting   | 3 |  3.0
Invocations    | 1 |  1.8
Armour         | 1 |  1.1
Dodging        | |  1.5
Hexes          | |  0.1

Action                   |  1- 3 |  4- 6 |  7- 9 || total
-------------------------+-------+-------+-------++-------
Melee: Unarmed           |   150 |   153 |   328 ||   631
       Headbutt          |    10 |     7 |    40 ||    57
       Punch             |     1 |     2 |     9 ||    12
 Cast: Beastly Appendage |    11 |     9 |    33 ||    53
       Sticks to Snakes  |     4 |    22 |    39 ||    65
       Confusing Touch   |       |       |     4 ||     4
Invok: Bend Time         |       |       |     2 ||     2
 Abil: Spit Poison       |     1 |     5 |    15 ||    21
Evoke: Wand              |       |     5 |     8 ||    13
  Use: Scroll            |       |     8 |     9 ||    17
       Potion            |       |       |     7 ||     7
 Stab: Sleeping          |     2 |       |     5 ||     7
       Distracted        |       |       |     2 ||     2
       Confused          |       |       |     1 ||     1
  Eat: Chunk             |     1 |     4 |     6 ||    11
       Ration            |       |     2 |     3 ||     5
Armor: Robe              |    52 |    66 |   123 ||   241
Dodge: Dodged            |   101 |   122 |   197 ||   420

Table legend:
 A = Spawn XP
 B = Non-spawn XP
 C = Spawn XP percentage of total XP
 D = Spawn monster count
 E = Non-spawn monster count
 F = Spawn count percentage of total count
 G = Total turns spent on level
                    A         B        C        D         E        F      G
               +---------+---------+-------+---------+---------+-------+---------
         Total |       0 |    3117 |   0.0 |       0 |     161 |   0.0 |  8736
               +---------+---------+-------+---------+---------+-------+---------
           D:1 |       0 |      41 |   0.0 |       0 |      20 |   0.0 |   959
           D:2 |       0 |      76 |   0.0 |       0 |      25 |   0.0 |   684
           D:3 |       0 |      82 |   0.0 |       0 |      39 |   0.0 |  1262
           D:4 |       0 |     178 |   0.0 |       0 |       7 |   0.0 |  1090
           D:5 |       0 |     664 |   0.0 |       0 |      22 |   0.0 |  1107
           D:6 |       0 |    1641 |   0.0 |       0 |      32 |   0.0 |  2580
           D:7 |       0 |     435 |   0.0 |       0 |      16 |   0.0 |   679
               +---------+---------+-------+---------+---------+-------+---------
